 Dungeon Crawl Stone Soup version 0.30-a0-591-g3c58d2bc28 (webtiles) character file.

Game seed: 15159670648295893685

378 drugrobin the Insei (level 6, -1/75 HPs)
             Began as a Demigod Delver on Jan 6, 2023.
             Killed from afar by a dart slug (6 damage)
             ... with a slug dart
             ... on level 4 of the Dungeon.
             The game lasted 00:06:48 (918 turns).

drugrobin the Insei (Demigod Delver)                 Turns: 918, Time: 00:06:50

Health: -1/75      AC: 23    Str: 15 (17) XL:     6   Next: 21%
Magic:  8/8        EV:  2    Int: 11 (12) God:
Gold:   39         SH:  0    Dex: 16 (19) Spells: 5/5 levels left

rFire   . . .      SeeInvis .      - Unarmed
rCold   . . .      Faith    .    (no shield)
rNeg    . . .      Spirit   .    (body armour currently unavailable)
rPois   +          Reflect  .    (helmet currently unavailable)
rElec   .          Harm     .    (cloak currently unavailable)
rCorr   .          Rampage  .    (gloves currently unavailable)
Will    +....      NoTele   +    (boots currently unavailable)
Stlth   +++                      (no amulet)
HPRegen 0.32/turn                (no ring)
MPRegen 0.11/turn                (no ring)

@: tree-form
A: stationary, stasis, torment immunity, boosted hp, high MP 1, forlorn, divine
attributes, strong-willed 1, (sturdy frame 1)
a: no special abilities


You were on level 4 of the Dungeon.
You were a tree.
You visited 1 branch of the dungeon, and saw 2 of its levels.
You also visited: Ossuary.

You collected 39 gold pieces.

Inventory:

Hand Weapons
 c - a +4 short sword
 h - a +0 morningstar
Missiles
 i - 4 atropa-tipped darts (quivered)
Armour
 a - a +0 leather armour (melded)
 g - a +0 pair of gloves (melded)
Wands
 f - a wand of digging (2)
 n - a wand of flame (18)
Scrolls
 b - a scroll of fog
 e - 2 scrolls of identify
 j - 2 scrolls of noise
 r - a scroll of brand weapon {unknown}
 s - a scroll of immolation {unknown}
 v - a scroll of enchant armour {unknown}
Potions
 o - a potion of mutation
 t - a potion of magic {unknown}
 u - a potion of ambrosia {unknown}


   Skills:
 - Level 2.6 Fighting
 - Level 1.7 Dodging
 - Level 4.5 Stealth
 + Level 6.3 Unarmed Combat


You had 5 spell levels left.
You didn't know any spells.
Your spell library was empty.

Dungeon Overview and Level Annotations

Branches:
Dungeon (5/15)            Ossuary (visited)
 Temple: D:4-7

Shops:
D:4 (

Annotations:
D:5 Eustachio


Innate Abilities, Weirdness & Mutations

You are a tree.
Your roots penetrate the ground, keeping you stationary.
You cannot be teleported.
You are immune to unholy pain and torment.
Your maximum health is greatly increased.
Your equipment is partially melded.
You have an increased reservoir of magic. (+10% MP)
You shall have no god before yourself.
Your divine heritage dramatically boosts your attributes as you level up.
You are strong-willed. (Will+)
((Your movements are slightly less encumbered by armour. (ER -2)))


Message History

You hit the phantom.
The phantom is moderately damaged.
The dart slug launches a dart at you.
The slug dart hits you but does no damage.
The giant cockroach bites you but does no damage.
The phantom hits you but does no damage.
You hit the phantom.
The phantom is severely damaged.
The giant cockroach bites you but does no damage.
The dart slug bites you.
* * * LOW HITPOINT WARNING * * *
The phantom hits you but does no damage.
You smack the phantom!
You destroy the phantom!
The giant cockroach bites you but does no damage.
You feel your strength returning.
You have reached level 6!
Your experience leads to a dramatic increase in your attributes!
Your base attributes are Str 13, Int 12, Dex 19.
Increase (S)trength, (I)ntelligence, or (D)exterity?
You feel stronger. x4
Unknown command.
Unknown command.
Unknown command.
You hit the jelly.
Your branches burn!
* * * LOW HITPOINT WARNING * * *
You punch the jelly.
The jelly is heavily wounded.
The jelly hits you but does no damage.
The giant cockroach bites you but does no damage.
The dart slug bites you.
* * * LOW HITPOINT WARNING * * *
Unknown command.
Unknown command.
You smack the jelly!
You kill the jelly!
The giant cockroach bites you but does no damage.
The dart slug launches a dart at you. The slug dart hits you.
You die...

#.....(#...###...#
##.8.<.8...# #...#
...........# #...#
..^..∩.#...# #...#
..##...#...# #...#
..#8.>.8...# #...#
. ##....#### #...#
##8## #.oB# ###
#Ow♣# #####


You could see an ogre, a dart slug, an orc and a giant cockroach.

Vanquished Creatures
  A phantom (D:4)
  A wight (Ossuary)
  4 centaur zombies (Ossuary)
  2 bullfrog zombies (Ossuary)
  A jelly (D:4)
  A scorpion zombie (Ossuary)
  An ufetubus (D:4)
  4 adder zombies (Ossuary)
  2 dart slugs (D:5)
  An orc (D:5)
  4 gnoll zombies (Ossuary)
  2 goblin zombies (Ossuary)
  A hobgoblin zombie (Ossuary)
  2 orc zombies (Ossuary)
27 creatures vanquished.

Notes
Turn   | Place    | Note
-------+----------+-------------------------------------------
     0 | D:5      | drugrobin the Demigod Delver began the quest for the Orb.
     0 | D:5      | Reached XP level 1. HP: 18/18 MP: 3/3
   111 | D:5      | Reached skill level 2 in Unarmed Combat
   241 | D:5      | Noticed a phantom
   244 | D:5      | Noticed a hound
   255 | D:5      | Found a sand-covered staircase.
   262 | Ossuary  | Entered an ossuary
   306 | Ossuary  | Reached XP level 2. HP: 25/25 MP: 4/4
   335 | Ossuary  | Reached skill level 3 in Unarmed Combat
   335 | Ossuary  | Reached XP level 3. HP: 24/30 MP: 5/5
   427 | Ossuary  | Reached skill level 4 in Unarmed Combat
   427 | Ossuary  | Reached XP level 4. HP: 31/37 MP: 6/6
   599 | Ossuary  | Reached skill level 5 in Unarmed Combat
   599 | Ossuary  | Reached XP level 5. HP: 26/42 MP: 7/7
   799 | Ossuary  | Noticed a silent spectre
   868 | D:5      | Noticed Eustachio
   887 | D:4      | Noticed an ogre
   887 | D:4      | Found Loti's Antique Weapon Emporium.
   900 | D:4      | Gained mutation: You are strong-willed. (Will+) [potion of
                  | mutation]
   900 | D:4      | Gained mutation: Your movements are slightly less
                  | encumbered by armour. (ER -2) [potion of mutation]
   900 | D:4      | HP: 2/42 [phantom (5)]
   909 | D:4      | Reached skill level 6 in Unarmed Combat
   917 | D:4      | Reached XP level 6. HP: 8/50 MP: 8/8
   918 | D:4      | Killed from afar by a dart slug

Illustrated notes

Levels and vault maps discovered:
D:4:      layout_rooms, serial_shops, nicolae_stop_n_shop_2,
          minmay_misc_feat_tower, eino_tiny_chamber, uniq_pikel, uniq_robin,
          uniq_menkaure
D:5:      layout_loops_corners, chequers_ossuary_entry_cave, kennysheep_path_1,
          uniq_eustachio

Skill      XL: |  1  2  3  4  5 |
---------------+----------------+-----
Unarmed Combat | 2 3 4 5 6 |  6.3
Fighting       | |  2.6
Dodging        | |  1.7
Stealth        | |  4.5

Action                   |  1- 3 |  4- 6 || total
-------------------------+-------+-------++-------
Melee: Unarmed           |    78 |   111 ||   189
       Morningstar       |     1 |     1 ||     2
       Punch             |     1 |     7 ||     8
Evoke: Wand              |     2 |     1 ||     3
  Use: Potion            |     1 |     5 ||     6
       Scroll            |     1 |     4 ||     5
 Stab: Sleeping          |       |     1 ||     1
Armor: Leather armour    |    16 |    46 ||    62
       Skin              |       |    27 ||    27
Dodge: Dodged            |    40 |   102 ||   142

Table legend: (Time is in decaauts)
 A = Elapsed time spent in this place.
 B = Non-inter-level travel time spent in this place.
 C = Inter-level travel time spent in this place.
 D = Time resting spent in this place.
 E = Time spent auto-exploring this place.
 F = Levels seen in this place.
 G = Mean time per level.
                   A        B        C        D        E       F      G
               +--------+--------+--------+--------+--------+-----+--------+
         Total |    881 |    842 |     39 |    118 |     91 |   3 |  293.7 |
       Dungeon |    323 |    284 |     39 |      0 |      0 |   2 |  161.5 |
       Ossuary |    557 |    557 |      0 |    118 |     91 |   1 |  557.0 |
               +--------+--------+--------+--------+--------+-----+--------+

Top non-repeatable levels by time:
 Ossuary: 557 daAuts
     D:5: 294 daAuts
     D:4: 29 daAuts
